 Dungeon Crawl Stone Soup version 0.27-a0-263-gc8dee61f84 (webtiles) character file.

Game seed: 12286428595033711366

138 knot the Chopper (level 5, 35/42 HPs)
             Began as a Demonspawn Berserker on Feb 5, 2021.
             Was a Believer of Trog.
             Quit the game on level 4 of the Dungeon.
             The game lasted 00:02:23 (4315 turns).

knot the Chopper (Demonspawn Berserker)             Turns: 4315, Time: 00:02:24

Health: 35/42      AC:  7    Str: 17    XL:     5   Next: 1%
Magic:  5/5        EV: 11    Int: 10    God:    Trog [**....]
Gold:   225        SH:  0    Dex: 12    Spells: 4/4 levels left

rFire    . . .     SeeInvis .   a - +0 hand axe
rCold    . . .     Faith    .   (no shield)
rNeg     . . .     Spirit   .   u - +0 ring mail
rPois    .         Reflect  .   (helmet restricted)
rElec    .         Harm     .   t - +0 cloak
rCorr    .         Rampage  .   (no gloves)
Will     .....                  (no boots)
Stlth    +.........             (no amulet)
HPRegen  0.14/turn              (no ring)
MPRegen  0.09/turn              (no ring)

@: no status effects
A: antennae 2, rugged brown scales 1
a: Renounce Religion, Berserk, Trog's Hand


You were on level 4 of the Dungeon.
You worshipped Trog.
Trog was pleased with you.
You visited 1 branch of the dungeon, and saw 4 of its levels.

You collected 225 gold pieces.

Inventory:

Hand Weapons
 a - a +0 hand axe (weapon)
Missiles
 d - 163 stones
 k - 20 sling bullets
 l - 4 javelins
Armour
 t - a +0 cloak (worn)
 u - a +0 ring mail (worn)
Wands
 q - a wand of iceblast (1) (quivered)
Scrolls
 e - 2 scrolls of teleportation {unknown}
 f - a scroll of identify {unknown}
 h - 2 scrolls of amnesia {unknown}
 j - 2 scrolls of enchant armour {unknown}
 m - a scroll of enchant weapon {unknown}
 n - a scroll of magic mapping {unknown}
 r - a scroll of immolation {unknown}
Potions
 c - a potion of invisibility {unknown}
 g - a potion of flight {unknown}
 i - 5 potions of curing {unknown}
 o - a potion of brilliance {unknown}
 p - a potion of attraction {unknown}
 s - 2 potions of might {unknown}


   Skills:
 - Level 3.0 Fighting
 + Level 5.2 Axes
 - Level 1.7 Armour
 - Level 1.7 Dodging


You had 4 spell levels left.
You didn't know any spells.
Your spell library was empty.

Dungeon Overview and Level Annotations

Branches:
Dungeon (4/15)
 Temple: D:4-7

Altars:

Annotations:
D:4 Pikel


Innate Abilities, Weirdness & Mutations

You have a pair of antennae on your head.
You are partially covered in rugged brown scales. (AC +1, +3% HP)


Message History

A lemure comes into view.
Aiming: Iceblast
Press: ? - help, Q - select action, (/) - cycle Shift-Dir - straight line, f - Pikel, p - lemure
Aim: Pikel, wielding a +0 whip of electrocution and wearing a +0 robe (lightly wounded)
The mass of ice explodes!
The iceblast engulfs Pikel.
Pikel is moderately wounded.
The iceblast engulfs the lemure!
The lemure is heavily wounded.
The iceblast engulfs the lemure!
The lemure is severely wounded.
The iceblast engulfs the hound!!
You kill the hound!
Trog accepts your kill.
You hear a shout!
An orc comes into view. It is wielding a +0 short sword.
Your Axes skill increases to level 5!
You have reached level 5!
Your demonic ancestry asserts itself...
Rugged brown scales grow over part of your body.
Are you sure you want to abandon this character and quit the game? (Confirm with "yes".)

##. ..
########.#
###........###.
.5......#......
.#.5...........
o!5......$.....
...K...@[......
.o......B......
..............!
...............
...............
..#.....#.....#
. ####.########
..


You could see Pikel, 3 lemures, a worker ant, an orc priest and an orc.

Vanquished Creatures
  Crazy Yiuf (D:3)
  A hound (D:4)
  3 worms (D:2)
  A dart slug (D:1)
  2 leopard geckos
  10 bats
  7 giant cockroaches
  7 goblins
  8 hobgoblins
  7 kobolds
  9 frilled lizards
  10 rats
66 creatures vanquished.

Notes
Turn   | Place    | Note
-------+----------+-------------------------------------------
     0 | D:1      | knot the Demonspawn Berserker began the quest for the Orb.
     0 | D:1      | Reached XP level 1. HP: 18/18 MP: 1/1
   197 | D:1      | Reached skill level 3 in Axes
   211 | D:1      | Gained mutation: You have a pair of small antennae on your
                  | head. [demonic ancestry]
   211 | D:1      | Reached XP level 2. HP: 24/24 MP: 2/2
  1084 | D:1      | Gained mutation: You have a pair of antennae on your head.
                  | [demonic ancestry]
  1084 | D:1      | Reached XP level 3. HP: 27/29 MP: 3/3
  1267 | D:1      | Reached ** piety under Trog
  1358 | D:2      | Reached skill level 4 in Axes
  3035 | D:3      | Reached XP level 4. HP: 35/35 MP: 4/4
  3564 | D:3      | Found a runed translucent door.
  3565 | D:3      | Noticed Crazy Yiuf
  3575 | D:3      | Killed Crazy Yiuf
  4311 | D:4      | Noticed Pikel
  4311 | D:4      | Noticed a lemure
  4312 | D:4      | Noticed a lemure
  4313 | D:4      | Noticed a lemure
  4315 | D:4      | Reached skill level 5 in Axes
  4315 | D:4      | Gained mutation: You are partially covered in rugged brown
                  | scales. (AC +1, +3% HP) [demonic ancestry]
  4315 | D:4      | Reached XP level 5. HP: 35/42 MP: 5/5
  4315 | D:4      | Quit the game

Illustrated notes

Levels and vault maps discovered:
D:1:      minmay_arrival_hallway, layout_basic, minmay_stone_trees_small,
          amcnicky_mini_pool_small
D:2:      layout_basic, minmay_worlds_worst_comb
D:3:      layout_loops_corners, kennysheep_generic_room_8,
          uniq_crazy_yiuf_cottage
D:4:      layout_rooms, uniq_natasha, uniq_pikel, uniq_eustachio

Skill      XL: |  1  2  3  4 |
---------------+-------------+-----
Axes           | 3 4 5 |  5.2
Fighting       | |  3.0
Armour         | |  1.7
Dodging        | |  1.7

Action                   |  1- 3 |  4- 6 || total
-------------------------+-------+-------++-------
Melee: Hand axe          |   142 |    23 ||   165
Invok: Berserk           |     5 |     1 ||     6
       Trog's Hand       |       |     1 ||     1
Evoke: Wand              |       |     2 ||     2
Armor: Animal skin       |    28 |     3 ||    31
       Ring mail         |       |     1 ||     1
Dodge: Dodged            |    93 |    10 ||   103

Table legend: (Time is in decaauts)
 A = Elapsed time spent in this place.
 B = Non-inter-level travel time spent in this place.
 C = Inter-level travel time spent in this place.
 D = Time resting spent in this place.
 E = Time spent auto-exploring this place.
 F = Levels seen in this place.
 G = Mean time per level.
                   A        B        C        D        E       F      G
               +--------+--------+--------+--------+--------+-----+--------+
         Total |   4391 |   4002 |    389 |   1274 |   2326 |   4 | 1097.8 |
       Dungeon |   4391 |   4002 |    389 |   1274 |   2326 |   4 | 1097.8 |
               +--------+--------+--------+--------+--------+-----+--------+

Top non-repeatable levels by time:
     D:2: 1797 daAuts
     D:1: 1367 daAuts
     D:3: 1223 daAuts
     D:4: 3 daAuts
